 Dungeon Crawl Stone Soup version 0.30-a0-782-ge64f9170bb (webtiles) character file.

Game seed: 16614041955370279516

1173 112233 the Destroyer (level 8, -8/42 HPs)
             Began as a Tengu Conjurer on Mar 1, 2023.
             Mangled by an orc warrior
             ... wielding a +0 long sword
              (12 damage)
             ... on level 6 of the Dungeon.
             The game lasted 00:05:39 (6761 turns).

112233 the Destroyer (Tengu Conjurer)               Turns: 6761, Time: 00:05:40

Health: -8/42      AC:  2    Str:  8    XL:     8   Next: 41%
Magic:  0/27       EV: 15    Int: 20    God:
Gold:   311        SH:  0    Dex: 13    Spells: 9/20 levels left

rFire   . . .      SeeInvis .    A - +0 quarterstaff
rCold   . . .      Faith    .    (shield currently unavailable)
rNeg    . . .      Spirit   +    a - +0 robe
rPois   .          Reflect  .    (helmet restricted)
rElec   .          Harm     .    (no cloak)
rCorr   .          Rampage  .    (no gloves)
Will    .....                    (boots unavailable)
Stlth   ++                       x - amulet of guardian spirit
HPRegen 0.27/turn                d - ring of magical power
MPRegen 0.20/turn                (no ring)

@: flying quickly and evasively, quick
A: beak, talons 3, nimble flight
a: no special abilities


You were on level 6 of the Dungeon.
You visited 2 branches of the dungeon, and saw 7 of its levels.
You also visited: Sewer.

You collected 311 gold pieces.

Inventory:

Hand Weapons
 t - a +0 dagger of pain
 A - a +0 quarterstaff (weapon)
 I - a +0 halberd of flaming
 L - a +0 heavy morningstar
Missiles
 D - a throwing net
Armour
 a - a +0 robe (worn)
 r - the +2 robe of the Zebra {rF+ rC+ Int-2}
   (You found it on level 3 of the Dungeon)

   Int:       It affects your intelligence (-2).
   rF:        It protects you from fire.
   rC:        It protects you from cold.
 C - a +0 pair of gloves
 M - a +0 kite shield
Jewellery
 d - a ring of magical power (left hand)
 i - a ring of flight
 x - an amulet of guardian spirit (around neck)
Wands
 B - a wand of digging (10)
 E - a wand of charming (14)
 G - a wand of roots (7)
 K - a wand of light (12)
Scrolls
 e - 6 scrolls of identify {unknown}
 f - a scroll of enchant weapon {unknown}
 h - 2 scrolls of fear {unknown}
 j - 2 scrolls of poison {unknown}
 k - 3 scrolls of teleportation {unknown}
 m - a scroll of summoning {unknown}
 n - a scroll of amnesia {unknown}
 q - 2 scrolls of noise {unknown}
 s - a scroll of brand weapon {unknown}
 y - 4 scrolls of enchant armour {unknown}
 H - a scroll of vulnerability {unknown}
Potions
 b - a potion of magic
 c - 4 potions of curing {unknown}
 g - a potion of haste {unknown}
 l - 3 potions of lignification {unknown}
 o - 3 potions of ambrosia {unknown}
 p - 2 potions of invisibility {unknown}
 u - a potion of attraction {unknown}
 v - 2 potions of flight {unknown}
 w - a potion of degeneration {unknown}
 z - a potion of berserk rage
 F - a potion of heal wounds {unknown}
 J - a potion of cancellation {unknown}


   Skills:
 + Level 0.7 Fighting
 + Level 2.5 Dodging
 - Level 2.0 Stealth
 + Level 6.5 Spellcasting
 + Level 10.3 Conjurations


You had 9 spell levels left.
You knew the following spells:

 Your Spells              Type           Power      Damage    Failure   Level
a - Magic Dart            Conj           100%       1d8       1%          1
b - Searing Ray           Conj           94%        2d7       1%          2
c - Iskenderun's Battles  Conj           47%        2d10      4%          5
d - Stone Arrow           Conj/Erth      54%        3d10      3%          3

Your spell library contained the following spells:

 Spells                   Type           Power      Damage    Failure   Level
 Dazzling Flash           Conj/Hex       54%        N/A       3%          3
 Apportation              Tloc           12%        N/A       10%         1
 Necrotise                Necr           24%        1d5       10%         1
 Sandblast                Erth           12%        2d6       10%         1
 Summon Small Mammal      Summ           24%        N/A       10%         1
 Flame Wave               Conj/Fire      27%        2d9       12%         4
 Fulminant Prism          Conj/Hex       13%        3d8       12%         4
 Iskenderun's Mystic Bla  Conj/Tloc      27%        2d7       12%         4
 Sticky Flame             Conj/Fire      27%        2d5       12%         4
 Lesser Beckoning         Tloc           12%        N/A       16%         2
 Passwall                 Tmut/Erth      5%         N/A       16%         2
 Gell's Gravitas          Tloc           6%         N/A       30%         3
 Inner Flame              Hex/Fire       6%         N/A       30%         3
 Teleport Other           Tloc           6%         N/A       30%         3
 Vhi's Electric Charge    Tloc/Air       12%        N/A       30%         3
 Arcjolt                  Conj/Air       13%        1d23      32%         5
 Iron Shot                Conj/Erth      13%        9d3       88%         6
 Spellforged Servitor     Conj/Summ      13%        N/A       100%        7
 Maxwell's Capacitive Co  Air            3%         ∞         100%        8


Dungeon Overview and Level Annotations

Branches:
Dungeon (6/15)             Temple (1/1) D:4           Sewer (visited)

Altars:
Ashenzari
Cheibriados
Dithmenos
Elyvilon
Fedhas
Gozag
Hepliaklqana
Kikubaaqudgha
Makhleb
Nemelex Xobeh
Qazlal
Ru
Trog
Uskayaw
Wu Jian
Xom
Yredelemnul
Zin
The Shining One

Shops:
D:6 (

Annotations:
D:3 exclusion: downstairs


Innate Abilities, Weirdness & Mutations

You have a beak for a mouth.
You have claws for feet.
Your magical nature lets you fly swiftly and evasively.


Message History

The orc warrior is lightly wounded. (Press . to maintain the ray.) Unknown command.
There are no items here.
The searing ray hits the orc warrior.
The orc warrior is lightly wounded.
The orc warrior misses you.
The searing ray hits the orc warrior.
The orc warrior is moderately wounded.
The orc warrior hits you with a +0 long sword!
The searing ray hits the orc warrior.
The orc warrior is moderately wounded.
The searing ray hits the orc.
The orc is moderately wounded.
You finish channelling your searing ray.
The orc warrior hits you with a +0 long sword!
Casting: Searing Ray (safe; 1% risk of failure)
Confirm with . or Enter, or press ? or * to list all spells.
Aiming: Searing Ray (safe; 1% risk of failure)
Press: ? - help, Shift-Dir - straight line, f/p - orc warrior
Aim: an orc warrior, wielding a +0 long sword and wearing a +0 plate armour (moderately wounded, 82% to hit)
The searing ray hits the orc warrior.
The orc warrior is heavily wounded. (Press . to maintain the ray.)
The orc warrior closely misses you.
The searing ray hits the orc warrior!
The orc warrior is severely wounded.
The searing ray hits the orc!
You kill the orc!
The orc warrior hits you with a +0 long sword!!
The searing ray hits the orc warrior.
The orc warrior is almost dead.
The orc warrior hits you with a +0 long sword!!
* * * LOW HITPOINT WARNING * * *
Unknown command.
The searing ray hits the orc warrior.
The orc warrior is almost dead.
You finish channelling your searing ray.
The orc warrior hits you with a +0 long sword!
You die...

.##.######.###......#
....# #.# ########
##### #.# #.# #.#
##.## ##...##
#####.#.#)########
####....##......@o).#
...#.#.......######.#
.....#..#)..## .#
...........>.# .#
.....##.#...## .#
...#.##.##.## o.
#.##.##.##.# ..
#.##....##.# #.
#.########+#


You could see an orc warrior.

Vanquished Creatures
  A black bear (D:4)
  2 ogres
  Blork the orc (D:4)
  A scorpion (D:4)
  7 hounds (D:5)
  4 orc priests
  4 iguanas
  Natasha (D:4)
  3 orc wizards
  11 adders
  An ufetubus (D:4)
  2 worms (D:3)
  A dart slug (D:6)
  19 orcs
  7 ball pythons
  9 bats
  9 endoplasms
  11 giant cockroaches
  5 hobgoblins
  4 jackals
  9 kobolds
  A quokka (D:3)
  4 frilled lizards
  10 goblins
  3 rats
130 creatures vanquished.

Vanquished Creatures (others)
  4 plants (D:4)
4 creatures vanquished.

Grand Total: 134 creatures vanquished

Notes
Turn   | Place    | Note
-------+----------+-------------------------------------------
     0 | D:1      | 112233 the Tengu Conjurer began the quest for the Orb.
     0 | D:1      | Reached XP level 1. HP: 10/10 MP: 4/4
   284 | D:1      | Reached XP level 2. HP: 15/15 MP: 6/6
   307 | D:1      | Learned a level 2 spell: Searing Ray
   438 | D:1      | Found a faded altar of an unknown god.
   776 | D:1      | Reached XP level 3. HP: 19/19 MP: 7/7
  1010 | D:1      | Reached skill level 6 in Conjurations
  1342 | D:2      | Reached XP level 4. HP: 16/24 MP: 6/9
  1652 | D:2      | Learned a level 3 spell: Stone Arrow
  1974 | D:3      | Identified the +2 robe of the Zebra {rF+ rC+ Int-2}
  2041 | D:3      | Gained mutation: Your magical nature lets you fly swiftly
                  | and evasively. [Tengu growth]
  2041 | D:3      | Reached XP level 5. HP: 28/28 MP: 11/11
  2210 | D:3      | Reached skill level 7 in Conjurations
  2285 | D:3      | Found a glowing drain.
  2361 | Sewer    | Entered a sewer
  2426 | Sewer    | Noticed Pargi
  2832 | D:3      | Reached XP level 6. HP: 32/32 MP: 13/13
  3116 | D:4      | Noticed a black bear
  3126 | D:3      | Learned a level 5 spell: Iskenderun's Battlesphere
  3273 | D:4      | Noticed Blork the orc
  3466 | D:4      | Found a staircase to the Ecumenical Temple.
  3480 | Temple   | Entered the Ecumenical Temple
  3522 | D:4      | Reached skill level 8 in Conjurations
  3662 | D:4      | Killed a black bear
  3799 | D:5      | Entered Level 5 of the Dungeon
  3858 | D:5      | Reached XP level 7. HP: 36/36 MP: 15/15
  3890 | D:5      | Reached skill level 5 in Spellcasting
  4032 | D:5      | Found a shadowy altar of Dithmenos.
  4065 | D:5      | Reached skill level 9 in Conjurations
  4296 | D:5      | Found a broken altar of Ashenzari.
  4416 | D:4      | Found a hazy altar of Hepliaklqana.
  4607 | D:4      | Killed Blork the orc
  4922 | D:4      | Reached XP level 8. HP: 34/41 MP: 17/17
  4987 | D:4      | Noticed Natasha
  4990 | D:4      | Killed Natasha
  5607 | D:5      | Reached skill level 10 in Conjurations
  5688 | D:5      | Noticed a yak
  5688 | D:5      | Noticed a yak
  5688 | D:5      | Noticed a yak
  5698 | D:5      | Noticed a yak
  6197 | D:6      | Found a snail-covered altar of Cheibriados.
  6479 | D:6      | Found Upataot's Antique Weapon Boutique.
  6761 | D:6      | Mangled by an orc warrior

Illustrated notes

Levels and vault maps discovered:
D:1:      elethiomel_arrival_shortcut, layout_basic,
          ebering_ecumenical_altar_rust, corexii_item_surrounded_by_moat,
          dk_noncrumbling_4
D:2:      layout_rooms
D:3:      layout_loops_ring, gup_sewer_entry_bowl, roderic_filled_cross,
          serial_park_tiny_1
D:4:      layout_layer_cave, nzn_hepliaklqana_mist_gate,
          minmay_temple_entry_trees, serial_bayou, serial_bayou_shore_b,
          serial_bayou_shore_a, serial_bayou_pond_e, serial_bayou_ford_a,
          uniq_natasha, uniq_blork_the_orc
D:5:      layout_loops_cross, grunt_dithmenos_smoke,
          ashenzari_conservatory_becter
D:6:      layout_loops_corners, kennysheep_slug_shrine, serial_shops,
          nicolae_inconvenience_store
Temple:   nicolae_temple_no_exploring_needed

Skill      XL: |  1  2  3  4  5  6  7  8 |
---------------+-------------------------+-----
Conjurations   | 6 7 8 9 10 | 10.3
Spellcasting   | 3 4 5 6 |  6.5
Fighting       | |  0.7
Dodging        | |  2.5
Stealth        | |  2.0

Action                     |  1- 3 |  4- 6 |  7- 9 || total
---------------------------+-------+-------+-------++-------
   Cast: Magic Dart        |    55 |   106 |    54 ||   215
         Searing Ray       |     6 |     8 |    19 ||    33
         Iskenderun's Batt |       |       |     6 ||     6
 Armour: Robe              |     6 |     3 |     1 ||    10
  Dodge: Dodged            |    18 |     7 |    10 ||    35

Table legend: (Time is in decaauts)
 A = Elapsed time spent in this place.
 B = Non-inter-level travel time spent in this place.
 C = Inter-level travel time spent in this place.
 D = Time resting spent in this place.
 E = Time spent auto-exploring this place.
 F = Levels seen in this place.
 G = Mean time per level.
                   A        B        C        D        E       F      G
               +--------+--------+--------+--------+--------+-----+--------+
         Total |   6474 |   6121 |    353 |    281 |   5200 |   8 |  809.2 |
       Dungeon |   6399 |   6047 |    352 |    281 |   5147 |   6 | 1066.5 |
        Temple |      1 |      0 |      1 |      0 |      0 |   1 |    1.0 |
         Sewer |     73 |     73 |      0 |      0 |     52 |   1 |   73.0 |
               +--------+--------+--------+--------+--------+-----+--------+

Top non-repeatable levels by time:
     D:4: 1540 daAuts
     D:1: 1343 daAuts
     D:3: 1130 daAuts
     D:5: 1058 daAuts
     D:6: 690 daAuts
     D:2: 636 daAuts
   Sewer: 73 daAuts
  Temple: 1 daAuts
